 Dungeon Crawl Stone Soup version 0.27-a0-1202-ge72e49191c (webtiles) character file.

Game seed: 15752178035167055197

1650 mordus the Arsonist (level 8, -3/57 HPs)
             Began as a Red Draconian Fire Elementalist on June 4, 2021.
             Killed by vampiric draining
             ... invoked by a vampire
              (19 damage)
             ... on level 6 of the Dungeon.
             The game lasted 00:21:59 (6200 turns).

mordus the Arsonist (DrFE)                          Turns: 6200, Time: 00:22:00

Health: -3/57      AC: 12    Str: 11    XL:     8   Next: 67%
Magic:  9/16       EV: 12    Int: 17    God:
Gold:   235        SH:  0    Dex: 12    Spells: 7/17 levels left

rFire    + + .     SeeInvis .   o - +5 club
rCold    . . .     Faith    .   (no shield)
rNeg     . . .     Spirit   .   (armour unavailable)
rPois    .         Reflect  .   (helmet restricted)
rElec    .         Harm     .   (no cloak)
rCorr    .         Rampage  .   s - +0 pair of gloves
Will     .....                  l - +0 pair of boots
Stlth    ++........             (no amulet)
HPRegen  0.19/turn              d - +4 ring of protection
MPRegen  0.15/turn              h - ring of protection from fire

@: no status effects
A: breathe fire, AC +6, unfitting armour, fire resistance 1, cold-blooded
a: Breathe Fire


You were on level 6 of the Dungeon.
You visited 1 branch of the dungeon, and saw 6 of its levels.

You collected 235 gold pieces.

Inventory:

Hand Weapons
 f - a +2 dagger of draining
 o - a +5 club (weapon)
 w - a +2 dagger of draining
Armour
 e - a +0 buckler
 l - a +0 pair of boots (worn)
 s - a +0 pair of gloves (worn)
Magical Staves
 i - a staff of earth
Jewellery
 d - a +4 ring of protection (left hand)
 h - a ring of protection from fire (right hand)
Wands
 v - a wand of flame (26)
Scrolls
 a - a scroll of acquirement {unknown}
 b - 2 scrolls of teleportation {unknown}
 c - 3 scrolls of enchant armour {unknown}
 g - 2 scrolls of identify {unknown}
 k - 3 scrolls of noise {unknown}
 p - a scroll of magic mapping {unknown}
 q - a scroll of fog {unknown}
 x - a scroll of immolation {unknown}
 y - a scroll of amnesia {unknown}
Potions
 j - a potion of curing {unknown}
 m - 3 potions of degeneration {unknown}
 n - 2 potions of flight {unknown}
 r - 2 potions of brilliance {unknown}
 t - a potion of heal wounds
 u - 2 potions of lignification {unknown}


   Skills:
 - Level 1.7 Dodging
 - Level 1.7 Stealth
 + Level 5.3 Spellcasting
 + Level 5.5 Conjurations
 * Level 10.0 Fire Magic


You had 7 spell levels left.
You knew the following spells:

 Your Spells              Type           Power      Damage    Failure   Level
a - Foxfire               Conj/Fire      100%       2x1d9     1%          1
b - Sticky Flame          Conj/Fire      31%        2d5       5%          4
c - Fireball              Conj/Fire      15%        3d8       16%         5

Your spell library contained the following spells:

 Spells                   Type           Power      Damage    Failure   Level
 Conjure Flame            Conj/Fire      31%        6-21      1%          3
 Inner Flame              Hex/Fire       21%        N/A       5%          3
 Dazzling Flash           Conj/Hex       26%        N/A       13%         3
 Corona                   Hex            4%         N/A       14%         1
 Ensorcelled Hibernation  Hex/Ice        8%         N/A       21%         2
 Confusing Touch          Hex            4%         N/A       38%         3
 Tukima's Dance           Hex            4%         N/A       38%         3


Dungeon Overview and Level Annotations

Branches:
Dungeon (6/15)
 Temple: D:4-7

Altars:
Okawaru
Qazlal

Shops:
D:1 :   D:5 (

Annotations:
D:3 3 runed translucent doors, Shayle's ghost, amateur OgWr
D:4 1 runed translucent door, Crazy Yiuf


Innate Abilities, Weirdness & Mutations

You can breathe blasts of fire.
Your fiery red scales are hard. (AC +6)
You cannot fit into any form of body armour.
Your flesh is heat resistant. (rF+)
You are cold-blooded and may be slowed by cold attacks.


Message History

Something tries to affect you, but you resist.
You hit something but do no damage. Something hits you.
Something barely misses you. Something hits you but does no damage.
Something barely misses you.
You're too confused to move!
Something hits you but does no damage. Something bites you.
Something draws strength from your injuries!
Something hits you but does no damage. Something bites you but does no damage.
You feel less confused. Something hits you.
Something bites you but does no damage.
Casting: Sticky Flame (dangerous; 5% risk of failure)
Confirm with . or Enter, or press ? or * to list all spells.
You can't see any susceptible monsters within range! (Use Z to cast anyway.)
Casting: Sticky Flame (dangerous; 5% risk of failure)
Confirm with . or Enter, or press ? or * to list all spells.
Aiming: Sticky Flame (dangerous; 5% risk of failure)
Press: ? - help, Shift-Dir - straight line The sticky flame hits something.
The vampire is covered in liquid flames!
The vampire burns!
The vampire hits you. The vampire misses you.
The vampire burns!
The vampire casts a spell at you.
You are confused.
You're too confused to move!
The vampire burns!
You're too confused to move!
The vampire burns!
The vampire closely misses you. The vampire barely misses you.
The vampire burns!
The vampire burns!
The vampire misses you. The vampire closely misses you.
You feel less confused.
The vampire burns!
Something hits you but does no damage. Something bites you.
* * * LOW HITPOINT WARNING * * *
Something draws strength from your injuries!
Casting: Sticky Flame (dangerous; 5% risk of failure)
Confirm with . or Enter, or press ? or * to list all spells.
Aiming: Sticky Flame (dangerous; 5% risk of failure)
Press: ? - help, Shift-Dir - straight line The sticky flame hits something but does no damage.
The vampire is covered in liquid flames!
The vampire burns!
The vampire draws life force from you!!
You die...

#. .## .. .. .. .. ...
.....# ## ##. ..#..
...###### ..^ ..
.?#.###........
....##.####.#..#..≈.≈....
#...<..#.$........≈≈≈≈..#
#..>....V..........≈.≈≈.#
#.....#.@...###.......≈.#
...................÷....#
#.....#..........<......#
......#...#..#####.#.....
#.#.. ###............#...
..... .............#.#...
#.## ######.....###.#...
#. #####.###.#...
#.........#


You could see a vampire (invisible, burning).

Vanquished Creatures
  Pikel (D:4)
  Grinder (D:3)
  Menkaure (D:3)
  2 ice beasts
  3 lemures
  A phantom (D:3)
  Blork the orc (D:4)
  A bullfrog (D:4)
  A water moccasin skeleton (D:5)
  2 hounds (D:6)
  A gnoll shaman (D:3)
  An orc priest (D:4)
  2 iguanas
  Ijyb (D:3)
  An orc wizard (D:4)
  2 hound skeletons
  5 adders
  7 gnolls
  2 ufetubi (D:5)
  A dart slug (D:4)
  6 orcs
  8 ball pythons
  5 bats
  4 endoplasms
  2 giant cockroaches
  14 goblins
  4 hobgoblins
  5 jackals (D:3)
  7 kobolds
  4 quokkas
  2 frilled lizards (D:3)
  5 rats
103 creatures vanquished.

Vanquished Creatures (others)
  322 foxfires
322 creatures vanquished.

Grand Total: 425 creatures vanquished

Notes
Turn   | Place    | Note
-------+----------+-------------------------------------------
     0 | D:1      | mordus the Draconian Fire Elementalist began the quest for
                  | the Orb.
     0 | D:1      | Reached XP level 1. HP: 14/14 MP: 3/3
   474 | D:1      | Found a faded altar of an unknown god.
   695 | D:1      | Found Mesegenn's Book Emporium.
   711 | D:1      | Reached XP level 2. HP: 19/19 MP: 3/5
  1403 | D:2      | Reached XP level 3. HP: 26/26 MP: 1/6
  2111 | D:3      | Reached skill level 4 in Fire Magic
  2111 | D:3      | Reached XP level 4. HP: 21/33 MP: 3/8
  2112 | D:3      | Noticed Grinder
  2481 | D:3      | Noticed Ijyb
  2498 | D:3      | Paralysed by Ijyb for 2 turns
  2503 | D:3      | Paralysed by Ijyb for 4 turns
  2508 | D:3      | Paralysed by Ijyb for 2 turns
  2517 | D:3      | Paralysed by Ijyb for 4 turns
  2529 | D:3      | Killed Ijyb
  2726 | D:3      | Reached XP level 5. HP: 38/38 MP: 7/9
  2769 | D:3      | Found an iron altar of Okawaru.
  2844 | D:3      | Killed Grinder
  2845 | D:3      | Reached skill level 5 in Fire Magic
  2845 | D:3      | Reached XP level 6. HP: 29/45 MP: 3/11
  3320 | D:3      | Found a runed translucent gate.
  3320 | D:3      | Found a runed translucent gate.
  3320 | D:3      | Found a runed translucent gate.
  3323 | D:3      | Noticed Shayle's ghost (amateur OgWr)
  3647 | D:4      | Noticed Menkaure
  3795 | D:3      | Killed Menkaure
  3796 | D:3      | Reached skill level 6 in Fire Magic
  3796 | D:3      | Your scales start taking on a fiery red colour.
  3796 | D:3      | Reached skill level 7 in Fire Magic
  3796 | D:3      | Reached XP level 7. HP: 5/50 MP: 8/12
  3796 | D:3      | Gained mutation: Your flesh is heat resistant. (rF+) [Red
                  | Draconian growth]
  4121 | D:4      | Noticed Pikel
  4143 | D:4      | Killed Pikel
  4144 | D:4      | Reached skill level 8 in Fire Magic
  4144 | D:4      | Reached XP level 8. HP: 8/57 MP: 1/14
  4621 | D:4      | Noticed Blork the orc
  4629 | D:4      | Killed Blork the orc
  4630 | D:4      | Reached skill level 9 in Fire Magic
  4749 | D:4      | Found a stormy altar of Qazlal.
  5203 | D:4      | Found a runed translucent door.
  5204 | D:4      | Noticed Crazy Yiuf
  5212 | D:4      | Learned a level 4 spell: Sticky Flame
  5272 | D:5      | Entered Level 5 of the Dungeon
  5387 | D:5      | Reached skill level 5 in Spellcasting
  5387 | D:5      | Reached skill level 5 in Conjurations
  5688 | D:5      | Learned a level 5 spell: Fireball
  5759 | D:5      | Found Onaxeco's Weapon Boutique.
  6055 | D:6      | Reached skill level 10 in Fire Magic
  6182 | D:6      | HP: 2/57 [something (4)]
  6200 | D:6      | Killed from afar by a vampire

Illustrated notes

Levels and vault maps discovered:
D:1:      shiori_arrival_oz, layout_loops_corners, serial_shops,
          nicolae_shop_crystal, ebering_ecumenical_altar_sacrificial,
          hangedman_decor_growths
D:2:      layout_basic
D:3:      layout_loops_cross, okawaru_ov_weapons_minmay,
          ebering_ghost_rock_garden, grunt_ministairs_7, minmay_distorted,
          uniq_grinder, uniq_ijyb
D:4:      layout_gridville, overflow_temple_1_default, uniq_blork_the_orc,
          uniq_menkaure, uniq_crazy_yiuf_cottage, uniq_pikel
D:5:      layout_cave_pools, serial_shops,
          nicolae_shop_temple_entry_statues_fountains
D:6:      layout_basic, bloody_trog, dk_vineyard_3, st_stairs_5,
          minmay_diced_spiral

Skill      XL: |  1  2  3  4  5  6  7  8 |
---------------+-------------------------+-----
Conjurations   | 2 3 4 5 |  5.5
Fire Magic     | 4 5 7 8 10 | 10.0
Spellcasting   | 3 4 5 |  5.3
Dodging        | |  1.7
Stealth        | |  1.7

Action                   |  1- 3 |  4- 6 |  7- 9 || total
-------------------------+-------+-------+-------++-------
Melee: Unarmed           |    11 |       |       ||    11
       Dagger            |    22 |    23 |       ||    45
       Tailslap          |       |     4 |     5 ||     9
       Club              |       |    14 |    50 ||    64
 Cast: Foxfire           |    32 |    57 |   100 ||   189
       Sticky Flame      |       |       |     5 ||     5
  Use: Potion            |       |       |     1 ||     1
 Stab: Sleeping          |     1 |       |       ||     1
Armor: Skin              |    24 |    26 |    63 ||   113
Dodge: Dodged            |    25 |    33 |    58 ||   116

Table legend: (Time is in decaauts)
 A = Elapsed time spent in this place.
 B = Non-inter-level travel time spent in this place.
 C = Inter-level travel time spent in this place.
 D = Time resting spent in this place.
 E = Time spent auto-exploring this place.
 F = Levels seen in this place.
 G = Mean time per level.
                   A        B        C        D        E       F      G
               +--------+--------+--------+--------+--------+-----+--------+
         Total |   6222 |   6043 |    179 |   1081 |   3826 |   6 | 1037.0 |
       Dungeon |   6222 |   6043 |    179 |   1081 |   3826 |   6 | 1037.0 |
               +--------+--------+--------+--------+--------+-----+--------+

Top non-repeatable levels by time:
     D:3: 1990 daAuts
     D:1: 1228 daAuts
     D:2: 1094 daAuts
     D:4: 972 daAuts
     D:5: 744 daAuts
     D:6: 192 daAuts
